 Dungeon Crawl Stone Soup version 0.22-a0-825-ga28c36f (webtiles) character file.

2244 riteheju the Covert (level 9, -1/97 HPs)
             Began as a Demonspawn Assassin on July 24, 2018.
             Slain by a hornet (6 damage)
             ... on level 7 of the Dungeon.
             The game lasted 00:27:23 (7505 turns).

riteheju the Covert (Demonspawn Assassin)           Turns: 7505, Time: 00:27:24

Health: -1/97      AC: 24    Str: 13    XL:     9   Next: 14%
Magic:  0/9        EV:  2    Int: 12    God:
Gold:   411        SH:  0    Dex: 22    Spells: 8/8 levels left

rFire    . . .     SeeInvis .   j - +0 dagger (elec)
rCold    . . .     Gourm    .   (no shield)
rNeg     + + +     Faith    .   (armour currently unavailable)
rPois    +         Spirit   +   (helmet currently unavailable)
rElec    .         Reflect  .   (cloak currently unavailable)
rCorr    .         Harm     .   (gloves unavailable)
MR       +....     NoTele   +   (boots currently unavailable)
Stlth    +++++.....             d - amulet of magic regeneration
HPRegen  0.26/turn              q - ring of protection from magic
MPRegen  0.36/turn              v - ring of positive energy

@: agile, lethally poisoned (-1 -> -4), tree-form
A: magic shield
a: no special abilities


You were on level 7 of the Dungeon.
You were not hungry.
You were a tree.
You visited 2 branches of the dungeon, and saw 8 of its levels.

You collected 411 gold pieces.

Inventory:

Hand Weapons
 a - a +2 dagger
 b - a +0 blowgun
 j - a +0 dagger of electrocution (weapon)
Missiles
 e - 40 poisoned needles
 f - 2 curare-tipped needles
 F - 4 needles of paralysis
Armour
 u - a +1 helmet (melded)
 y - a +2 robe of fire resistance (melded)
 C - a scarf of resistance (melded)
Jewellery
 d - an amulet of magic regeneration (around neck)
 q - a ring of protection from magic (left branch)
 v - a ring of positive energy (right branch)
 D - an uncursed ring of wizardry {unknown}
Wands
 B - a wand of random effects (77)
 E - a wand of iceblast (10)
Scrolls
 c - 2 scrolls of identify
 l - a scroll of teleportation {unknown}
 o - a scroll of fog {unknown}
 r - a scroll of amnesia {unknown}
 x - 2 scrolls of remove curse
 z - a scroll of enchant weapon {unknown}
 A - a scroll of magic mapping {unknown}
 G - a scroll of immolation {unknown}
Potions
 h - a potion of mutation
 i - a potion of heal wounds {unknown}
 n - a potion of lignification
 p - a potion of might {unknown}
 s - 2 potions of curing {unknown}
 t - a potion of agility
 w - a potion of haste {unknown}
Comestibles
 g - 6 rations


   Skills:
 + Level 4.0 Fighting
 * Level 6.6 Short Blades
 - Level 3.0 Throwing
 + Level 4.8 Dodging
 * Level 8.1 Stealth


You had 8 spell levels left.
You didn't know any spells.
Your spell library contained the following spells:

 Spells                   Type           Power        Failure   Level  Hunger
 Magic Dart               Conj           #...         32%         1    ##.....
 Iskenderun's Mystic Bla  Conj           #.......     97%         4    #####..
 Fulminant Prism          Conj/Hex       #.........   97%         4    #####..
 Dazzling Spray           Conj/Hex       #.....       69%         3    ####...
 Force Lance              Conj/Tloc      #.......     97%         4    #####..
 Searing Ray              Conj           #.....       45%         2    ###....


Dungeon Overview and Level Annotations

Branches:
Dungeon (7/15)             Temple (1/1) D:6

Altars:
Ashenzari
Cheibriados
Dithmenos
Elyvilon
Fedhas
Gozag
Hepliaklqana
Kikubaaqudgha
Makhleb
Nemelex Xobeh
Okawaru
Qazlal
Ru
Sif Muna
Trog
Uskayaw
Wu Jian
Xom
Yredelemnul
Zin
The Shining One

Shops:
D:4 [


Innate Abilities, Weirdness & Mutations

((You have claws for hands.))
((You are mostly covered in icy blue scales. (AC +3)))
((Your flesh is heat resistant. (rF+)))
When hurt, damage is shared between your health and your magic reserves.


Message History

You feel sick.
The hornet stings you but does no damage.
You miss the hornet.
The hornet is severely wounded.
The hornet stings you but does no damage.
You miss the hornet.
The hornet is severely wounded.
You feel sick. The hornet stings you!
* * * LOW HITPOINT WARNING * * *
Okay, then.
You closely miss the hornet.
The hornet is severely wounded.
The hornet stings you but does no damage.
You hit the hornet but do no damage.
The hornet is severely wounded.
You feel sick. The hornet stings you.
You hit the hornet but do no damage.
The hornet is severely wounded.
The hornet stings you!
You die...

#### ######
#####...# # .....#
#....# ###.#
####.######.##.#
...... #
#...........###.....
# ########.###....#
.. .........# ##.#.#
############# #♣# #
#######y####### #
...............
###..
..#####.#######
..... #.# ###.. #.#
#.# ... ...


You could see a hornet.

Vanquished Creatures
  Grinder (D:7)
  A hippogriff (D:7)
  A hungry ghost (D:7)
  2 sky beasts
  An orc warrior (D:5)
  An ice beast (D:7)
  2 centaurs
  An ogre (D:4)
  2 bullfrogs
  3 scorpions
  3 crimson imps
  A gnoll shaman (D:4)
  An orc priest (D:4)
  Ijyb (D:4)
  A bullfrog skeleton (D:4)
  3 orc wizards
  7 worker ants
  2 hound skeletons
  2 worker ant zombies (D:3)
  Robin (D:2)
  4 gnolls
  11 adders
  2 shadow imps
  An ooze (D:1)
  3 adder zombies
  2 worms
  A dart slug (D:1)
  2 leopard geckos
  19 orcs
  4 ball pythons
  5 giant cockroaches
  19 goblins
  12 hobgoblins
  5 jackals
  4 quokkas
  5 bats
  7 frilled lizards
  2 jackal skeletons (D:4)
  A jackal zombie (D:3)
  9 kobolds
  A leopard gecko skeleton (D:3)
  2 quokka skeletons
  A quokka zombie (D:3)
  15 rats
174 creatures vanquished.

Notes
Turn   | Place    | Note
-------+----------+-------------------------------------------
     0 | D:1      | riteheju the Demonspawn Assassin began the quest for the Orb.
     0 | D:1      | Reached XP level 1. HP: 16/16 MP: 1/1
   168 | D:1      | Reached skill level 4 in Stealth
   168 | D:1      | Gained mutation: Your flesh is heat resistant. (rF+) [demonic ancestry]
   168 | D:1      | Reached XP level 2. HP: 7/22 MP: 2/2
   493 | D:1      | Reached skill level 1 in Dodging
   832 | D:1      | Reached XP level 3. HP: 21/27 MP: 3/3
  1230 | D:2      | Noticed Robin
  1273 | D:2      | Killed Robin
  1530 | D:2      | Gained mutation: You have sharp fingernails. [demonic ancestry]
  1530 | D:2      | Reached XP level 4. HP: 33/33 MP: 4/4
  1870 | D:2      | Found an opulent altar of Gozag.
  1943 | D:2      | Found an ancient bone altar of Kikubaaqudgha.
  1948 | D:2      | Found a bloodstained altar of Trog.
  2763 | D:3      | Reached skill level 5 in Stealth
  2763 | D:3      | Gained mutation: You are partially covered in icy blue scales. (AC +2) [demonic ancestry]
  2763 | D:3      | Reached XP level 5. HP: 28/38 MP: 5/5
  3523 | D:4      | Gained mutation: You have very sharp fingernails. [demonic ancestry]
  3523 | D:4      | Reached XP level 6. HP: 46/46 MP: 6/6
  3714 | D:4      | Found an ornate altar of the Wu Jian Council.
  3714 | D:4      | Found a deep blue altar of Sif Muna.
  4165 | D:4      | Found Kivvaido's Antique Armour Emporium.
  4172 | D:4      | Gained mutation: You have claws for hands. [demonic ancestry]
  4172 | D:4      | Reached XP level 7. HP: 51/51 MP: 7/7
  4437 | D:4      | Noticed Ijyb
  4474 | D:4      | Killed Ijyb
  4623 | D:5      | Entered Level 5 of the Dungeon
  4640 | D:5      | Reached skill level 6 in Stealth
  5312 | D:5      | You fall through a shaft for 2 floors!
  5333 | D:6      | Found a staircase to the Ecumenical Temple.
  5339 | Temple   | Entered the Ecumenical Temple
  5525 | D:6      | Noticed Grinder
  5742 | D:7      | Gained mutation: When hurt, damage is shared between your health and your magic reserves. [demonic ancestry]
  5742 | D:7      | Reached XP level 8. HP: 56/58 MP: 8/8
  5806 | D:7      | Noticed a hippogriff
  5842 | D:7      | Killed a hippogriff
  5842 | D:7      | Reached skill level 5 in Short Blades
  5842 | D:7      | Reached skill level 7 in Stealth
  5931 | D:7      | Killed Grinder
  7068 | D:6      | Gained mutation: You are mostly covered in icy blue scales. (AC +3) [demonic ancestry]
  7068 | D:6      | Reached XP level 9. HP: 65/65 MP: 9/9
  7386 | D:7      | Reached skill level 8 in Stealth
  7467 | D:7      | Paralysed by a hornet for 3 turns
  7475 | D:7      | Paralysed by a hornet for 2 turns
  7494 | D:7      | Paralysed by a hornet for 1 turns
  7504 | D:7      | HP: 4/97 [poisoned by a hornet]
  7505 | D:7      | Slain by a hornet

Vault maps used:
D:1:      lemuel_arrival_funnel
D:2:      minmay_overflow_temple_star_quad, first_ration, uniq_robin
D:3:      serial_undead, serial_undead_d, serial_undead_d, serial_undead_e,
          serial_undead_e, serial_undead_f, serial_undead_c, minivault_14
D:4:      kennysheep_the_goblin_king, nicolae_overflow_hidden_temple,
          serial_shops, shop
D:6:      temple_green, uniq_grinder
D:7:      grunt_ogre_cave
Temple:   eino_temple_rhombus

Skill      XL: |  1  2  3  4  5  6  7  8  9 |
---------------+----------------------------+-----
Stealth        | 4 5 6 7 8 |  8.1
Short Blades   | 2 3 4 6 |  6.6
Dodging        | 1 2 3 4 |  4.8
Throwing       | 2 3 |  3.0
Fighting       | 3 4 |  4.0

Action                   |  1- 3 |  4- 6 |  7- 9 || total
-------------------------+-------+-------+-------++-------
Melee: Dagger            |   109 |   242 |   335 ||   686
 Fire: Blowgun           |    11 |     8 |     9 ||    28
  Use: Scroll            |     2 |     2 |     5 ||     9
       Potion            |       |       |     5 ||     5
 Stab: Sleeping          |    10 |    10 |    10 ||    30
       Distracted        |       |     1 |     1 ||     2
  Eat: Chunk             |     2 |     8 |     7 ||    17
       Ration            |       |       |     3 ||     3
Armor: Robe              |    20 |    60 |    63 ||   143
       Skin              |       |       |    25 ||    25
Dodge: Dodged            |    57 |   125 |   143 ||   325

Table legend:
 A = Spawn XP
 B = Non-spawn XP
 C = Spawn XP percentage of total XP
 D = Spawn monster count
 E = Non-spawn monster count
 F = Spawn count percentage of total count
 G = Total turns spent on level
                    A         B        C        D         E        F      G
               +---------+---------+-------+---------+---------+-------+---------
         Total |       0 |    3206 |   0.0 |       0 |     174 |   0.0 |  7505
               +---------+---------+-------+---------+---------+-------+---------
           D:1 |       0 |      50 |   0.0 |       0 |      29 |   0.0 |  1159
           D:2 |       0 |      88 |   0.0 |       0 |      31 |   0.0 |  1095
           D:3 |       0 |     128 |   0.0 |       0 |      32 |   0.0 |  1187
           D:4 |       0 |     663 |   0.0 |       0 |      41 |   0.0 |  1425
           D:5 |       0 |     490 |   0.0 |       0 |      14 |   0.0 |   811
           D:6 |       0 |     564 |   0.0 |       0 |      10 |   0.0 |   852
           D:7 |       0 |    1223 |   0.0 |       0 |      17 |   0.0 |   826
               +---------+---------+-------+---------+---------+-------+---------
